Map: Central Protocol

Players

Hqrdest - Winner!

  • Race: Zerg Zerg
  • League: Master

Miszu

  • Race: Terran Terran
  • League: Master

VOD

Have the link to the VOD?

Description

Time

  • Played on: March 16, 2016, 3:44 p.m.
  • Length: 11:54
Show
View Real Time Build Order
Export as new Build Order

Hqrdest Zerg - Winner!

Build Orders: Pool First, Muta Ling Bane 

Get SALT Encoding   

  12  0:01  Drone  
  13  0:13  Overlord  
  13  0:19  Drone  
  14  0:32  Drone x2  
  16  0:37  Drone  
  17  0:47  Drone  
  17  0:48  Spawning Pool  
  17  1:00  Drone  
  17  1:01  Extractor  
  17  1:07  Drone  
  18  1:19  Drone  
  18  1:24  Hatchery  
  18  1:32  Drone  
  19  1:37  Queen  
  21  1:41  Overlord  
  21  1:50  Drone  
  22  2:04  Drone  
  22  2:06  Metabolic Boost  
  23  2:13  Queen  
  25  2:17  Drone  
  26  2:24  Drone  
  27  2:33  Drone  
  27  2:35  Queen  
  27  2:37  Drone  
  31  2:45  Zergling x6  
  31  2:48  Pneumatized Carapace  
  34  2:57  Drone x2  
  36  3:00  Overlord  
  36  3:09  Overlord  
  36  3:27  Drone x7  
  43  3:37  Drone  
  44  3:45  Drone x4  
  48  3:53  Drone x2  
  48  3:54  Extractor, Hatchery  
  48  3:57  Queen x2  
  52  4:09  Overlord x2  
  52  4:12  Overlord  
  52  4:28  Drone, Evolution Chamber  
  52  4:29  Drone, Evolution Chamber  
  52  4:30  Drone x3  
  57  4:31  Drone x2  
  57  4:32  Extractor  
  56  4:47  Drone, Spore Crawler  
  56  4:48  Spore Crawler, Drone x3  
  56  4:49  Drone  
  59  4:53  Queen, Lair  
  59  4:56  Zerg Melee Weapons Level 1  
  61  5:01  Zerg Ground Armor Level 1  
  61  5:11  Drone x5  
  61  5:12  Drone x3  
  69  5:18  Queen  
  71  5:25  Baneling Nest  
  70  5:34  Drone x3  
  70  5:35  Extractor, Drone x6  
  78  5:44  Spore Crawler  
  78  5:45  Zergling x4  
  78  5:46  Zergling x2  
  80  5:52  Spire  
  80  5:53  Drone  
  80  5:54  Overlord  
  76  6:10  Drone x6  
  82  6:12  Overlord x2  
  82  6:20  Centrifical Hooks  
  82  6:21  Zergling x6, Hatchery  
  77  6:45  Drone x11  
  88  6:47  Queen  
  88  6:51  Zergling x2  
  88  6:52  Zergling x6  
  94  7:01  Zerg Ground Armor Level 2, Zerg Melee Weapons Level 2  
  94  7:02  Extractor x2, Zergling x4  
  94  7:07  Zerg Flyer Weapons Level 1  
  94  7:28  Drone  
  94  7:29  Zergling x2  
  96  7:30  Zergling x20  
  96  7:31  Hatchery  
  105  7:43  Zergling x2  
  105  7:46  Mutalisk  
  105  7:47  Mutalisk x5  
  110  7:55  Mutalisk  
  110  7:57  Overlord x2  
  112  8:06  Overlord x2  
  112  8:19  Mutalisk x4  
  112  8:20  Mutalisk  
  112  8:21  Zergling x2  
  112  8:22  Zergling x10  
  112  8:24  Overlord x2  
  128  8:29  Baneling x4  
  128  8:30  Baneling x5  
  128  8:31  Baneling  
  128  8:32  Baneling x2  
  127  8:36  Hatchery  
  127  8:39  Baneling x4  
  127  8:40  Zergling x4  
  127  8:41  Zergling x4  
  130  8:44  Zergling x4  
  130  8:45  Zergling x2  
  130  8:48  Zergling x6  
  135  8:52  Baneling x2  
  135  8:53  Baneling x3  
  136  9:02  Zergling x2  
  135  9:03  Zergling x18  
  123  9:18  Zergling x18  
  123  9:19  Zergling x6  
  135  9:27  Burrow  
  115  9:50  Mutalisk  
  115  9:51  Mutalisk x8  
  129  9:53  Zergling x8  
  129  9:54  Zergling x10  
  129  9:57  Extractor x2  
  136  10:09  Baneling x7  
  136  10:17  Zergling x26  
  136  10:19  Baneling  
  136  10:20  Baneling x3  
  149  10:23  Overseer  
  149  10:26  Zergling x12  
  155  10:28  Overseer  
  155  10:41  Zergling x8  
  155  10:42  Zergling x16  
  167  10:51  Baneling  
  167  10:52  Baneling x14  
  167  11:05  Zergling x10  
  167  11:06  Overlord  
  167  11:07  Overlord x2  
  131  11:18  Zergling x2  
  131  11:19  Zergling x24  
Show
View Real Time Build Order
Export as new Build Order

Miszu Terran 

Build Orders: Liberator Opening, MMM Bio 

Get SALT Encoding   

  12  0:00  SCV  
  13  0:13  SCV  
  14  0:18  Supply Depot  
  14  0:25  SCV  
  15  0:39  SCV  
  16  0:43  Barracks  
  16  0:49  Refinery  
  16  0:51  SCV  
  17  1:03  SCV  
  18  1:16  SCV  
  20  1:35  Reaper, Orbital Command  
  20  1:40  Command Center  
  20  1:52  Supply Depot  
  21  2:01  SCV  
  21  2:08  Barracks Reactor  
  21  2:13  SCV  
  22  2:18  Refinery  
  22  2:25  SCV  
  22  2:29  Factory  
  23  2:37  SCV  
  23  2:44  Marine x2  
  25  2:49  SCV  
  27  2:52  Orbital Command  
  27  3:01  Marine x2  
  27  3:03  SCV  
  30  3:15  Starport, SCV  
  30  3:16  Factory Tech Lab  
  30  3:19  Marine x2, SCV  
  34  3:27  SCV  
  34  3:31  SCV  
  34  3:33  Supply Depot, Bunker  
  36  3:35  Siege Tank  
  36  3:38  Liberator  
  36  3:39  SCV  
  40  3:43  SCV  
  40  3:47  Supply Depot  
  40  3:50  Marine x2  
  40  3:51  SCV  
  40  3:55  SCV  
  47  4:03  SCV  
  47  4:07  SCV  
  49  4:15  SCV  
  50  4:19  Command Center, SCV  
  50  4:23  Liberator  
  51  4:27  Marine x2, SCV  
  51  4:30  Siege Tank  
  57  4:31  SCV  
  58  4:40  SCV  
  58  4:43  Supply Depot  
  62  4:52  Barracks  
  62  4:53  Barracks  
  62  4:58  Refinery x2  
  62  5:04  Marine x2, SCV x2  
  62  5:05  Siege Tank  
  69  5:16  Supply Depot, SCV  
  70  5:25  Supply Depot  
  70  5:28  Starport Reactor  
  70  5:31  SCV x2, Orbital Command  
  72  5:36  Engineering Bay  
  72  5:39  Engineering Bay  
  72  5:41  Barracks Tech Lab x2  
  72  5:43  SCV x2  
  74  5:50  Marine  
  74  5:51  Marine  
  74  5:55  SCV x2  
  79  6:07  SCV x2  
  79  6:09  Terran Infantry Weapons Level 1, Terran Infantry Armor Level 1  
  79  6:10  Barracks, Stimpack  
  80  6:12  Marine, Barracks  
  80  6:13  Marine  
  80  6:17  Marine  
  80  6:18  Marine, Combat Shields  
  84  6:19  SCV x2  
  86  6:26  Supply Depot  
  86  6:30  Marine x2  
  86  6:31  SCV  
  86  6:32  SCV  
  87  6:35  Marine x2  
  87  6:37  Orbital Command  
  87  6:38  Siege Tank  
  92  6:44  SCV x2  
  94  6:48  Marine x2  
  94  6:50  Supply Depot  
  94  6:51  Medivac  
  98  6:56  Supply Depot, SCV x2  
  98  6:59  Barracks Reactor x2  
  97  7:01  Marine  
  97  7:02  Marine  
  97  7:06  Medivac  
  97  7:07  SCV  
  97  7:08  SCV x2  
  104  7:13  Marine x2  
  106  7:17  Supply Depot  
  106  7:19  SCV  
  106  7:20  SCV x2  
  106  7:21  Marine  
  106  7:22  Marine, Refinery  
  111  7:25  Refinery  
  111  7:29  Medivac, Siege Tank  
  116  7:30  Marine  
  116  7:31  SCV  
  116  7:32  SCV  
  116  7:33  SCV, Armory  
  120  7:38  Supply Depot  
  120  7:39  Supply Depot  
  120  7:40  Marine x2  
  120  7:41  Supply Depot, Marine  
  120  7:43  Marine x2  
  120  7:44  SCV x2  
  126  7:45  SCV  
  126  7:56  Bunker, SCV  
  126  7:57  Supply Depot, SCV  
  126  7:58  SCV  
  129  7:59  Supply Depot, Marine x3  
  129  8:00  Marine, Medivac x2  
  129  8:02  Marine  
  129  8:03  Marine  
  138  8:07  Marine  
  138  8:08  SCV  
  138  8:09  SCV  
  138  8:10  Marine  
  141  8:20  Terran Infantry Armor Level 2, SCV x2, Terran Infantry Weapons Level 2  
  141  8:21  SCV  
  141  8:22  Terran Vehicle Weapons Level 1  
  141  8:23  Siege Tank  
  141  8:25  Supply Depot  
  141  8:26  Supply Depot, Factory, Marine x2  
  149  8:33  Marine  
  150  8:34  Medivac  
  150  8:37  Marine x2  
  150  8:38  Medivac  
  156  8:52  Marine x2  
  156  8:53  Marine x4  
  156  8:55  Marine, Missile Turret  
  166  8:57  Missile Turret  
  166  9:02  Supply Depot, Marine  
  163  9:04  Thor  
  166  9:10  Marine x2  
  166  9:11  Marauder, Missile Turret  
  166  9:12  Missile Turret  
  166  9:13  Missile Turret  
  138  9:17  Marine  
  138  9:18  Marine x3  
  130  9:27  Marine  
  130  9:28  Marine x2  
  121  9:32  Marine  
  121  9:35  Marine x3  
  121  9:36  Marine  
  113  9:45  Marine x2  
  107  9:46  Marine  
  107  9:47  Thor  
  107  9:50  Marine  
  107  9:52  Factory Tech Lab  
  109  9:53  Marine x3, Medivac  
  109  9:54  Marine  
  109  9:58  Medivac  
  117  10:03  Marine x2  
  117  10:04  Marine  
  120  10:07  Marine  
  120  10:11  Marine x2  
  120  10:12  Marauder  
  120  10:13  Marine  
  126  10:15  Supply Depot  
  126  10:18  Thor  
  126  10:20  Marine  
  133  10:21  Marine  
  133  10:22  Marine  
  133  10:26  Marauder  
  133  10:27  Medivac  
  139  10:28  Marine  
  139  10:29  Marine  
  139  10:30  Marine, Thor  
  139  10:33  Marauder  
  150  10:38  Marine  
  150  10:39  Marine x2  
  150  10:40  Command Center  
  153  10:47  Marauder  
  155  10:57  Marine, Marauder  
  157  11:01  Thor  
  164  11:09  Marauder  
  166  11:13  Widow Mine  
  130  11:18  Marauder  
  130  11:22  Marine  
  130  11:23  Marine x5  
  123  11:30  Marauder  
Tags
 
Add a new tag
Caveats
  • Supply blocks, unpowered buildings, or Contaminate may cause inaccurate times.
  • Supply counts are checked every 10 seconds.